 Dungeon Crawl Stone Soup version 0.30.2 (webtiles) character file.

Game seed: 2167325926798870059

223 porpoise the Caller (level 5, 0/35 HPs)
             Began as a Demonspawn Summoner on Feb 1, 2024.
             Was a Follower of Nemelex Xobeh.
             Slain by an adder zombie (3 damage)
             ... in an ossuary.
             The game lasted 00:13:26 (3029 turns).

porpoise the Caller (Demonspawn Summoner)           Turns: 3029, Time: 00:13:26

Health: 0/35       AC:  7    Str:  9    XL:     5   Next: 66%
Magic:  11/20      EV: 12    Int: 18    God:    Nemelex Xobeh [*.....]
Gold:   128        SH:  0    Dex: 13    Spells: 6/12 levels left

rFire   . . .        a - +0 short sword
rCold   . . .        (no shield)
rNeg    . . .        f - +0 robe
rPois   .            q - +0 helmet
rElec   .            (no cloak)
rCorr   .            (no gloves)
SInv    .            l - +1 pair of boots
Will    .....        (no amulet)
Stlth   ++           k - ring of magical power
HPRegen 0.25/turn    (no ring)
MPRegen 0.17/turn

%: no passive effects
@: no status effects
A: yellow scales 1, ignite blood 1, powered by death 1
a: Renounce Religion, Draw Escape, Draw Destruction, Draw Summoning


You were in an ossuary.
You worshipped Nemelex Xobeh.
Nemelex Xobeh was aware of your devotion.
You visited 1 branch of the dungeon, and saw 4 of its levels.
You also visited: Ossuary.

You collected 128 gold pieces.

Inventory:

Hand Weapons
 a - a +0 short sword (weapon)
Missiles
 h - 4 poisoned darts (quivered)
Armour
 f - a +0 robe (worn)
 l - a +1 pair of boots (worn)
 q - a +0 helmet (worn)
Jewellery
 k - a ring of magical power (left hand)
Scrolls
 e - a scroll of identify {unknown}
 m - a scroll of vulnerability {unknown}
 o - a scroll of enchant armour {unknown}
 p - a scroll of fog {unknown}
 s - a scroll of noise {unknown}
Potions
 b - a potion of magic
 c - a potion of attraction {unknown}
 d - a potion of cancellation {unknown}
 g - 2 potions of degeneration {unknown}
 i - 3 potions of haste {unknown}
 j - 3 potions of curing
 n - a potion of invisibility {unknown}
 r - a potion of brilliance {unknown}


   Skills:
 - Level 1.7 Dodging
 - Level 1.7 Stealth
 + Level 4.1 Spellcasting
 + Level 5.7 Summonings


You had 6 spell levels left.
You knew the following spells:

 Your Spells              Type           Power      Damage    Failure   Level
a - Summon Small Mammal   Summ           96%        N/A       1%          1
b - Call Imp              Summ           48%        N/A       2%          2
c - Call Canine Familiar  Summ           24%        N/A       4%          3

Your spell library contained the following spells:

 Spells                   Type           Power      Damage    Failure   Level
 Summon Guardian Golem    Hex/Summ       14%        N/A       14%         3
 Cigotuvi's Dreadful Rot  Necr/Pois/Air  6%         N/A       22%         2
 Ensorcelled Hibernation  Hex/Ice        6%         N/A       22%         2
 Lesser Beckoning         Tloc           6%         N/A       22%         2
 Passwall                 Tmut/Erth      2%         N/A       22%         2
 Gell's Gravitas          Tloc           3%         N/A       41%         3
 Ignite Poison            Fire/Tmut/Pois 3%         N/A       41%         3
 Swiftness                Air            3%         N/A       41%         3
 Teleport Other           Tloc           3%         N/A       41%         3
 Summon Lightning Spire   Summ/Air       14%        N/A       41%         4
 Freezing Cloud           Conj/Ice/Air   1%         6-21      99%         5


Dungeon Overview and Level Annotations

Branches:
Dungeon (4/15)            Ossuary (1/1)
 Temple: D:4-7

Altars:
Kikubaaqudgha
Nemelex Xobeh
Ru
Trog
Vehumet
Wu Jian

Shops:
D:4 (


Innate Abilities, Weirdness & Mutations

You are partially covered in yellow scales. (AC +2)
Your demonic aura sometimes causes spilled blood to erupt in flames.
You regenerate a little health from kills.


Message History

The elf zombie hits you.
Your hound bites the elf zombie.
Your cerulean imp hits the orc zombie but does no damage.
Hit: a) +0 short sword
Press: ? - help, Dir - move target, f - elf zombie
Aim: an elf zombie (severely damaged, not watching you, ally target, about 41% to evade your +0 short sword)
Okay, then.
Unknown command.
You catch the helpless elf zombie completely off-guard!
You hit the elf zombie.
The elf zombie is severely damaged.
The hound zombie bites you but does no damage.
The adder zombie bites you but does no damage. x2
Your hound bites the elf zombie.
The hound zombie bites you but does no damage.
The adder zombie barely misses you. The adder zombie bites you.
The elf zombie barely misses your hound.
The human zombie misses you.
Your cerulean imp hits the orc zombie with a -2 spear.
The orc zombie is destroyed!
The elf zombie hits you.
* * * LOW HITPOINT WARNING * * *
You hit the elf zombie.
The elf zombie is severely damaged.
Your hound barely misses the elf zombie.
The hound zombie barely misses you.
The adder zombie bites you but does no damage. x2
Your hound closely misses the elf zombie.
Unknown command.
You closely miss the elf zombie.
The elf zombie is severely damaged.
The elf zombie hits you but does no damage.
The goblin zombie closely misses you. The hound zombie bites you.
* * * LOW HITPOINT WARNING * * *
The human zombie hits you.
* * * LOW HITPOINT WARNING * * *
The elf zombie closely misses you.
Your hound bites the elf zombie.
Your cerulean imp hits the elf zombie from afar with a -2 spear.
The adder zombie bites you.
You die...
Your body disappears without a glow.

...............
...............
...............
...............
...............
...............
......ZZZ......
.....ZZ@5......
.....hZZZ......
.......Z.......
...............
...............
...............
...............
...............


You could see 2 adder zombies, a hound zombie, a goblin zombie, a gnoll zombie,
3 elf zombies, a human zombie, a friendly hound (summoned) and a friendly
cerulean imp (summoned).

Vanquished Creatures
  An orc wizard (D:3)
  Robin (D:3)
  An adder (D:2)
  An adder zombie (Ossuary)
  A worm (D:3)
  2 dart slugs
  2 orcs
  2 endoplasms (D:2)
  5 goblins
  3 hobgoblins
  3 jackals (D:3)
  A quokka (D:2)
  9 ball pythons
  4 bats
  3 kobolds
  A rat (D:2)
40 creatures vanquished.

Vanquished Creatures (collateral kills)
  A hound (D:4)
  An orc wizard (D:3)
  A mummy (D:4)
  2 adders
  2 dart slugs (D:2)
  2 orcs (D:3)
  3 ball pythons
  A bat (D:3)
  4 endoplasms
  A giant cockroach (D:2)
  9 goblins
  4 hobgoblins (D:3)
  3 jackals (D:3)
  A kobold (D:1)
  A quokka (D:3)
  A frilled lizard (D:1)
  A gnoll zombie (Ossuary)
  An orc zombie (Ossuary)
  3 rats
42 creatures vanquished.

Grand Total: 82 creatures vanquished

Notes
Turn   | Place    | Note
-------+----------+-------------------------------------------
     0 | D:1      | porpoise the Demonspawn Summoner began the quest for the
                  | Orb.
     0 | D:1      | Reached XP level 1. HP: 13/13 MP: 3/3
   382 | D:1      | Gained mutation: You are partially covered in yellow
                  | scales. (AC +2) [demonic ancestry]
   382 | D:1      | Reached XP level 2. HP: 11/19 MP: 1/5
   648 | D:1      | Learned a level 2 spell: Call Imp
  1004 | D:2      | Gained mutation: You regenerate a little health from kills.
                  | [demonic ancestry]
  1004 | D:2      | Reached XP level 3. HP: 24/24 MP: 5/7
  1433 | D:2      | Learned a level 3 spell: Call Canine Familiar
  1740 | D:3      | Gained mutation: Your demonic aura sometimes causes spilled
                  | blood to erupt in flames. [demonic ancestry]
  1740 | D:3      | Reached XP level 4. HP: 18/30 MP: 8/8
  1742 | D:3      | Reached skill level 5 in Summonings
  1841 | D:3      | Found a faded altar of an unknown god.
  1924 | D:3      | Found an ancient bone altar of Kikubaaqudgha.
  2058 | D:3      | Found a radiant altar of Vehumet.
  2066 | D:3      | Reached XP level 5. HP: 35/35 MP: 10/10
  2198 | D:3      | Noticed Robin
  2219 | D:3      | Killed Robin
  2720 | D:3      | Found an ornate altar of the Wu Jian Council.
  2720 | D:3      | Found a bloodstained altar of Trog.
  2728 | D:3      | Found a faded altar of an unknown god.
  2730 | D:3      | Found a sacrificial altar of Ru.
  2738 | D:3      | Prayed at the altar of an unknown god.
  2738 | D:3      | Became a worshipper of Nemelex Xobeh the Trickster
  2738 | D:3      | Reached * piety under Nemelex Xobeh
  2738 | D:3      | Received a gift from Nemelex Xobeh
  2891 | D:4      | Found Wubut's Weapon Boutique.
  2997 | D:4      | Found a sand-covered staircase.
  3007 | Ossuary  | Entered an ossuary
  3029 | Ossuary  | Slain by an adder zombie

Illustrated notes

Levels and vault maps discovered:
D:1:      amcnicky_arrival_blooded_trapdoor, layout_loops_cross
D:2:      layout_rooms
D:3:      layout_loops_ring, kiku_gazebo_garden_becter,
          chequers_temple_overflow_minitemple, nicolae_vehumet_altar_sigil,
          nicolae_ecumenical_snake_handling, grunt_ministairs_15, uniq_robin
D:4:      corexii_shantytown, layout_loops_ring, minmay_temple_entry_junction,
          serial_shops, nicolae_shop_advertising_works
          [nicolae_subvault_shop_adworks], shop, nicolae_shop_stone,
          gup_ossuary_entry_pyramid
Ossuary:  ossuary_minmay_tomb_2a

Skill      XL: |  1  2  3  4  5 |
---------------+----------------+-----
Spellcasting   | 3 4 |  4.1
Summonings     | 5 |  5.7
Dodging        | |  1.7
Stealth        | |  1.7

Action                     |  1- 3 |  4- 6 || total
---------------------------+-------+-------++-------
  Melee: Unarmed           |    37 |       ||    37
         Dagger            |    88 |    92 ||   180
         Punch             |     1 |     2 ||     3
         Short sword       |       |    48 ||    48
  Throw: Dart              |     2 |       ||     2
   Cast: Summon Small Mamm |    22 |     5 ||    27
         Call Imp          |     5 |     7 ||    12
         Call Canine Famil |     2 |     6 ||     8
    Use: Potion            |     1 |       ||     1
   Stab: Sleeping          |     4 |     1 ||     5
         Distracted        |       |     1 ||     1
 Armour: Robe              |    40 |    68 ||   108
  Dodge: Dodged            |   105 |   141 ||   246
